 Dungeon Crawl Stone Soup version 0.25-a0-547-g27a0b5d1ef (console) character file.

Game seed: 15277181797386297415, levelgen mode: deterministic

101 utis the Ducker (level 4, -2/25 HPs)
             Began as a Tengu Arcane Marksman on Feb 22, 2020.
             Killed from afar by an orc wizard (14 damage)
             ... with a puff of flame
             ... on level 3 of the Dungeon.
             The game lasted 00:07:47 (3487 turns).

utis the Ducker (Tengu Arcane Marksman)             Turns: 3487, Time: 00:07:48

Health: -2/25      AC:  4    Str: 10    XL:     4   Next: 75%
Magic:  6/6        EV: 14    Int: 14    God:
Gold:   131        SH:  0    Dex: 15    Spells: 2/5 levels left

rFire    . . .     SeeInvis .   a - +2 whip (elec)
rCold    . . .     Gourm    .   (no shield)
rNeg     . . .     Faith    .   e - +0 robe
rPois    .         Spirit   .   (helmet restricted)
rElec    .         Reflect  .   (no cloak)
rCorr    .         Harm     .   l - +1 pair of gloves
MR       .....                  (boots unavailable)
Stlth    +.........             (no amulet)
HPRegen  0.08/turn              (no ring)
MPRegen  0.10/turn              (no ring)

@: no status effects
A: beak, talons 3
a: no special abilities


You were on level 3 of the Dungeon.
You were not hungry.

You visited 1 branch of the dungeon, and saw 3 of its levels.

You collected 131 gold pieces.

Inventory:

Hand Weapons
 a - a +2 whip of electrocution (weapon)
 b - a +2 hunting sling of freezing
 o - a +0 short sword
 s - a +0 dagger
 w - a +0 shortbow
Missiles
 d - 37 arrows
 k - 2 boomerangs (quivered)
 m - 82 stones
 r - 16 sling bullets
Armour
 e - a +0 robe (worn)
 l - a +1 pair of gloves (worn)
Scrolls
 c - a scroll of enchant armour {unknown}
 h - a scroll of immolation {unknown}
 i - a scroll of magic mapping {unknown}
 j - a scroll of fear {unknown}
 q - 3 scrolls of identify {@r1}
Potions
 g - 2 potions of invisibility
 p - 2 potions of might
Comestibles
 f - 6 rations {@e1}


   Skills:
 + Level 1.5 Fighting
 + Level 1.2 Maces & Flails
 - Level 3.4 Bows
 * Level 4.0 Dodging
 - Level 1.0 Spellcasting
 - Level 2.1 Hexes


You had 2 spell levels left.
You knew the following spells:

 Your Spells              Type           Power        Failure   Level  Hunger
a - Corona                Hex            #......      11%         1    ##.....
w - Slow                  Hex            #.......     16%         2    ###....

Your spell library contained the following spells:

 Spells                   Type           Power        Failure   Level  Hunger
 Inner Flame              Hex/Fire       #.......     45%         3    ####...
 Portal Projectile        Hex/Tloc       #.....       45%         3    ####...
 Cause Fear               Hex            #.........   71%         4    #####..
 Leda's Liquefaction      Hex/Erth       #.........   86%         4    #####..


Dungeon Overview and Level Annotations

Branches:
Dungeon (3/15)

Altars:


Innate Abilities, Weirdness & Mutations

You have a beak for a mouth.
You have claws for feet.


Message History

Your peck misses the orc wizard.
The orc wizard is almost dead.
The orc wizard gestures at you while chanting.
The magic dart hits you.
You barely miss the orc wizard. Your peck misses the orc wizard.
The orc wizard is almost dead.
The orc wizard hits you with a +0 dagger.
You hit the orc wizard.
You kill the orc wizard!
Your Maces & Flails skill increases to level 1!
Your Dodging skill increases to level 4!
The orc wizard hits you with a +2 dagger of holy wrath.
The orc hits you from afar with a +0 spear.
* * * LOW HITPOINT WARNING * * *
You hit the orc wizard. Your kick misses the orc wizard.
The orc wizard is moderately wounded.
The orc wizard gestures at you while chanting.
The puff of flame hits you!
Ouch! That really hurt!
You die...

░░░ ░.. ░.░ ░.░ ░.░ ....
░░░.░░░░..░.░..░
░...)Q)░........░░
░.░.░░o░..░.░....░
░.░.░░o░..░.....░ .
░.░.░░o░........░░.░..
░.░.░░.░...o..... ....
░.░.░░.o..░░.o░.░ ➘░..
░░░░░.░.░░......░.░o░.░░..
░.....░.░░░...░..o......?.
░.░░░░░.░ ░░.░░.░.░.░░░░░.


You could see 2 orc wizards and 2 orcs.

Vanquished Creatures
  An orc wizard (D:3)
  An adder (D:2)
  3 dart slugs (D:1)
  2 leopard geckos (D:2)
  5 bats
  4 giant cockroaches
  3 hobgoblins
  6 kobolds
  4 quokkas
  A ball python (D:2)
  3 frilled lizards
  9 goblins
  11 rats
53 creatures vanquished.

Notes
Turn   | Place    | Note
-------+----------+-------------------------------------------
     0 | D:1      | utis the Tengu Arcane Marksman began the quest for the Orb.
     0 | D:1      | Reached XP level 1. HP: 12/12 MP: 3/3
   638 | D:1      | Reached XP level 2. HP: 16/16 MP: 1/4
   696 | D:1      | Learned a level 2 spell: Slow
  1094 | D:1      | Reached skill level 3 in Dodging
  1181 | D:1      | Reached XP level 3. HP: 19/20 MP: 3/5
  2831 | D:2      | Reached XP level 4. HP: 16/25 MP: 3/6
  3486 | D:3      | Reached skill level 1 in Maces & Flails
  3486 | D:3      | Reached skill level 4 in Dodging
  3487 | D:3      | Killed from afar by an orc wizard

Levels and vault maps discovered:
D:1:      matt_arrival_diagonals, layout_basic
D:2:      layout_basic, first_ration
D:3:      layout_loops_ring, fedhas_altar_1, cheibriados_altar_1, uniq_grinder

Skill      XL: |  1  2  3  4 |
---------------+-------------+-----
Bows           | 3 |  3.4
Dodging        | 3 4 |  4.0
Maces & Flails | 1 |  1.2
Fighting       | |  1.5
Spellcasting   | |  1.0
Hexes          | |  2.1

Action                   |  1- 3 |  4- 6 || total
-------------------------+-------+-------++-------
Melee: Dagger            |     6 |       ||     6
       Kick              |    13 |     6 ||    19
       Peck              |    12 |     1 ||    13
       Unarmed           |     2 |       ||     2
       Short sword       |    72 |       ||    72
       Whip              |    17 |    30 ||    47
 Fire: Shortbow          |     6 |       ||     6
       Hunting sling     |       |     2 ||     2
Throw: Boomerang         |     2 |       ||     2
 Cast: Corona            |    51 |     1 ||    52
  Use: Scroll            |     2 |       ||     2
 Stab: Sleeping          |       |     1 ||     1
  Eat: Chunk             |     8 |     2 ||    10
Armor: Robe              |    24 |     3 ||    27
Dodge: Dodged            |    69 |    24 ||    93

Table legend:
 A = Non-vault XP
 B = Vault XP
 C = Vault XP percentage of total XP
 D = Non-vault monster count
 E = Vault monster count
 F = Vault count percentage of total count
                 A         B        C        D         E       F
            +---------+---------+-------+---------+---------+-------
      Total |     145 |       0 |   0.0 |      53 |       0 |   0.0
            +---------+---------+-------+---------+---------+-------
        D:1 |      50 |       0 |   0.0 |      28 |       0 |   0.0
        D:2 |      43 |       0 |   0.0 |      17 |       0 |   0.0
        D:3 |      52 |       0 |   0.0 |       8 |       0 |   0.0
            +---------+---------+-------+---------+---------+-------
